Unix NetHack Version 3.7.0-88 Work-in-progress - last build Aug 6 2023 13:40:22 (5c9c4c7fffe0d5f0a8b1342c2a36a56ed743986a,branch:master). Game began 2023-08-10 21:42:31, ended 2023-08-14 04:34:17. horga, chaotic female orcish Rogue ----- |... 5 --- --..--------- ...-- --...|..D....| ..... ---....|...@...| .......A-%A@..-...o...| ..%.))..---....|.......| ..%%%..-- --454|....@..| ---|---- --[.--------- -------.. - -- |.5. |.......%...... ----- -.............. -...... .)..... ........ .... .... .... Horga the Burglar St:25 Dx:16 Co:18 In:16 Wi:16 Ch:14 Chaotic S:1023942 Astral Plane $:0 HP:248(248) Pw:24(24) AC:-34 Xp:18/1529331 T:54573 Latest messages: The Angel of Mog zaps you with a magic missile! The magic missile hits you! But it reflects from your armor! The magic missile hits the Angel of Mog. But it reflects from the Angel of Mog's shield! The Angel of Issek swings her long sword at the Angel of Mog. The Angel of Issek hits the Angel of Mog. The Angel of Issek swings her long sword at the Angel of Mog. The Angel of Issek hits the Angel of Mog. The Angel of Issek hits the Angel of Mog. The priestess of Mog swings her mace at the Angel of Mog. The priestess of Mog hits the Angel of Mog. The Angel of Mog is killed! The priest of Issek turns to flee. The renegade priest of Kos picks up a long sword. The soldier ant misses the Angel of Mog. The soldier ant misses the Angel of Mog. The soldier ant misses the Angel of Mog. The soldier ant misses the Angel of Mog. The gray dragon bites the high priestess. The gray dragon hits the high priestess. The gray dragon hits the high priestess. The high priestess wields a mace! The Angel of Mog swings his long sword at the soldier ant. The Angel of Mog hits the soldier ant. The Angel of Mog swings his long sword at the soldier ant. The Angel of Mog hits the soldier ant. The soldier ant is killed! You hear a chugging sound. The Angel of Mog swings his long sword at the giant beetle. The Angel of Mog hits the giant beetle. The Angel of Mog swings his long sword at the giant beetle. The Angel of Mog hits the giant beetle. The Angel of Mog hits the giant beetle. The giant beetle is killed! The gray dragon bites the high priestess of Kos. The gray dragon hits the high priestess of Kos. The gray dragon hits the high priestess of Kos. The high priestess of Kos swings her mace at the gray dragon. The high priestess of Kos hits the gray dragon. The high priestess of Kos hits the gray dragon. You hear a chugging sound. There is a high altar to Kos (chaotic) here. What do you want to sacrifice? [G or ?*] ? You offer the Amulet of Yendor to Kos... An invisible choir sings, and you are bathed in radiance... The voice of Kos booms: "Mortal, thou hast done well!" "In return for thy service, I grant thee the gift of Immortality!" You ascend to the status of Demigoddess... Do you want to see the dungeon overview? [ynq] (y) y Inventory: Amulets E - an uncursed amulet of guarding (being worn) Weapons Z - 14 blessed rustproof +7 daggers (at the ready) m - an uncursed +6 silver saber (wielded in left hand) A - the blessed rustproof +6 Stormbringer (wielded in right hand) Armor e - an uncursed thoroughly burnt +4 elven leather helm (being worn) B - a blessed greased rustproof +3 pair of gauntlets of power (being worn) Y - a blessed +5 pair of speed boots (being worn) V - a blessed fireproof +5 cloak of magic resistance (being worn) u - a blessed +4 silver dragon scale mail (being worn) Comestibles L - an uncursed lizard corpse Rings x - an uncursed ring of conflict (on right hand) U - an uncursed ring of free action (on left hand) l - a blessed ring of levitation c - an uncursed ring of slow digestion Wands Q - an uncursed wand of cancellation (0:6) g - an uncursed wand of cold (0:6) R - an uncursed wand of cold (0:2) d - an uncursed wand of death (0:2) W - an uncursed wand of digging (0:7) q - a blessed wand of lightning (0:5) n - a cursed wand of magic missile (1:11) y - an uncursed wand of sleep (0:5) w - an uncursed wand of teleportation (0:1) Tools b - a blessed bag of holding containing 94 items H - the uncursed Bell of Opening (0:2) P - an uncursed blindfold I - the cursed Candelabrum of Invocation (7 of 7 candles attached) a - an uncursed magic lamp (lit) C - an uncursed magic marker (0:48) k - the blessed Master Key of Thievery s - an uncursed stethoscope h - a blessed +0 unicorn horn Gems/Stones X - a blessed luckstone Contents of the bag of holding: an uncursed amulet of flying a blessed amulet of life saving an uncursed amulet of life saving an uncursed amulet of life saving an uncursed amulet of reflection an uncursed amulet of reflection 15 blessed rustproof +7 daggers an uncursed +2 dwarvish iron helm an uncursed +0 pair of water walking boots an uncursed +0 mummy wrapping an uncursed +0 oilskin cloak an uncursed C-ration 2 uncursed cram rations 2 uncursed food rations 3 uncursed K-rations 2 uncursed lembas wafers 2 uncursed lumps of royal jelly 2 uncursed lizard corpses 3 blessed scrolls of blank paper an uncursed scroll of blank paper 9 cursed scrolls of blank paper a blessed scroll of charging an uncursed scroll of confuse monster 2 blessed scrolls of identify an uncursed scroll of identify an uncursed scroll of magic mapping 5 blessed scrolls of remove curse a blessed scroll of teleportation an uncursed potion of confusion a blessed potion of full healing 5 uncursed potions of full healing 2 blessed potions of gain ability 2 uncursed potions of gain ability a blessed potion of gain energy 5 potions of holy water named !UC 5 uncursed potions of water 3 potions of unholy water named !UC an uncursed ring of conflict an uncursed ring of free action an uncursed ring of regeneration an uncursed ring of teleport control an uncursed wand of cold (0:4) an uncursed wand of digging (0:6) an uncursed wand of digging (0:6) an uncursed wand of digging (0:5) an uncursed wand of digging (0:4) an uncursed wand of fire (0:6) an uncursed wand of fire (0:4) an uncursed wand of lightning named -1 (0:5) an uncursed wand of lightning (0:4) an uncursed wand of magic missile (0:8) an uncursed wand of magic missile (0:5) an uncursed wand of magic missile (0:4) an uncursed wand of magic missile (0:3) an uncursed wand of polymorph (0:8) an uncursed wand of polymorph (0:5) an uncursed wand of secret door detection (0:11) an uncursed wand of sleep (0:6) an uncursed wand of sleep named -1 (0:6) an uncursed wand of sleep named -1 (0:6) an uncursed wand of sleep named -2 (0:4) an uncursed wand of slow monster (0:6) an uncursed wand of striking (0:8) an uncursed wand of striking (0:5) an uncursed wand of striking (0:5) an uncursed wand of striking (0:4) an uncursed wand of striking (0:3) an uncursed wand of teleportation (0:8) an uncursed wand of teleportation (0:7) an uncursed wand of wishing named -0 (1:2) an uncursed wand of wishing (0:1) an uncursed blindfold an uncursed leash an uncursed magic marker (1:5) an uncursed agate stone 3 uncursed amber stones 7 uncursed amethyst stones an uncursed chrysoberyl stone an uncursed citrine stone 6 uncursed diamonds 4 uncursed dilithium crystals 3 uncursed emeralds 4 uncursed fluorite stones an uncursed jacinth stone 9 uncursed jade stones 4 uncursed jet stones 2 uncursed obsidian stones 4 uncursed rubies an uncursed sapphire an uncursed topaz stone 2 uncursed turquoise stones 21 uncursed worthless pieces of black glass 12 uncursed worthless pieces of green glass 4 uncursed luckstones Horga the Rogue's attributes: Background: You were a Burglar, a level 18 female orcish Rogue. You were chaotic, on a mission for Kos who was opposed by Issek (lawful) and Mog (neutral). You were in the endgame, on the Astral Plane. You entered the dungeon 54573 turns ago. It was nighttime. You had 1529331 experience points, 1030669 more were needed for level 19. Your score was 1023942 before end-of-game adjustments. Basics: You had all 248 hit points. You had all 24 energy points (spell power). Your armor class was -34. Your wallet was empty. Autopickup was off. Final Characteristics: Your strength was 25 (base:18/29, innate limit:18/50). Your dexterity was 16 (peak:18, limit:18). Your constitution was 18 (limit:18). Your intelligence was 16 (limit:16). Your wisdom was 16 (limit:16). Your charisma was 14 (limit:16). Final Status: You were not hungry. You were unencumbered. You were wielding two weapons at once. Your two weapon skill was limited by being skilled with broadsword. Your two weapon skill was also limited by being skilled with saber. Final Attributes: You were piously aligned. You were magic-protected. You were fire resistant. You were cold resistant. You were sleep resistant. You were disintegration resistant. You were shock resistant. You were poison resistant. You were level-drain resistant. You saw invisible. You were telepathic. You were warned. You had automatic searching. You had infravision. You were stealthy. You caused conflict. You had teleport control. You had a large defense bonus (+11). You were protected. You took half physical damage. You were very fast. You had reflection. You had free action. You were very lucky. You had extra luck. Good luck did not time out for you. You survived. Miscellaneous: You never encountered a bones level. Total elapsed playing time was 21 hours, 14 minutes and 21 seconds. Major events: Turn 1: horga the chaotic female orcish Rogue entered the dungeon 840: entered the Gnomish Mines 1255: attained the rank of Cutpurse (level 3) 2511: reached Mine Town 6610: was bestowed with Grimtooth by Kos 6812: attained the rank of Rogue (level 6) 7013: entered Sokoban 8312: completed 1st Sokoban level 8965: completed 2nd Sokoban level 9463: completed 3rd Sokoban level 11012: completed 4th Sokoban level 11547: acquired the Sokoban bag of holding 16530: attained the rank of Pilferer (level 10) 17382: acquired the Mines' End luckstone 23712: was bestowed with Stormbringer by Kos 26978: found Sunsword carried by a monster 31525: performed her first genocide (master mind flayers) 32240: killed Medusa 33202: entered Gehennom 35175: made her first wish - "blessed fixed greased cloak of magic resistance", got "a greased ornamental cope" 38897: attained the rank of Robber (level 14) 42589: found the Master Key of Thievery on the floor 42606: killed the Master Assassin 42607: acquired the Bell of Opening 45499: attained the rank of Burglar (level 18) 46094: killed Juiblex 46582: killed the invisible Baalzebub 46871: killed the invisible Asmodeus 47623: destroyed Vlad the Impaler 47624: acquired the Candelabrum of Invocation 48251: killed Orcus 49924: wished for "blessed fixed greased +2 gauntlets of power", got "a greased pair of old gloves" 49927: wished for "uncursed magic marker", got "a magic marker" 52429: wished for "blessed wand of death", got "a wand called death" 53000: killed the invisible Wizard of Yendor 53006: acquired the Book of the Dead 53013: performed the invocation 53175: killed the invisible high priestess of Moloch 53177: acquired The Amulet of Yendor 54280: entered the Elemental Planes 54280: entered Plane of Earth 54281: killed the Wizard of Yendor (2nd time) 54363: entered Plane of Air 54467: entered Plane of Fire 54512: entered Plane of Water 54518: genocided class ; 54544: entered the Astral Plane 54559: killed Death 54573: ascended Vanquished creatures: Asmodeus Baalzebub Orcus Juiblex the Wizard of Yendor (twice) Death Vlad the Impaler 2 arch-liches a high cleric 2 mastodons Medusa 16 krakens an iron golem 4 master liches 5 storm giants 2 titans 2 glass golems 2 balrogs 3 purple worms 4 gray dragons 3 silver dragons 3 red dragons 3 black dragons 3 blue dragons 3 green dragons 2 yellow dragons 25 minotaurs a jabberwock the Master Assassin 4 baluchitheria 5 Angels 7 demiliches 6 stone golems 13 Olog-hai 3 Nazgul 3 pit fiends a sandestin 3 hell hounds a displacer beast 4 titanotheres a baby green dragon 16 guardian nagas a genetic engineer 2 disenchanters 23 vampire leaders 4 skeletons 10 aligned clerics 5 captains 6 shades 6 liches a clay golem 4 nurses 3 ice devils a nalfeshnee 4 lurkers above 4 Aleaxes a frost giant 6 ettins a golden naga 13 black puddings 20 vampires 2 lieutenants 2 watch captains 25 ghosts a queen bee 4 winged gargoyles 4 mind flayers 8 giant mimics a long worm 5 zruties a fire giant 6 ogre tyrants 3 ice trolls 5 rock trolls 3 umber hulks a flesh golem 8 elven monarchs 5 doppelgangers a hezrou 7 bone devils 5 large mimics 3 wumpuses 6 fire vortices 2 couatls 16 stalkers 12 air elementals 12 fire elementals 9 earth elementals 3 water elementals 4 hill giants 4 giant mummies 2 black nagas 6 xorns 11 giant zombies 13 elf-nobles 24 sergeants 8 barbed devils 9 vrocks a salamander 18 wargs 2 winter wolves 3 hell hound pups 17 small mimics 4 glass piercers 7 warhorses 10 steam vortices 9 xans an ettin mummy 3 ogre leaders 9 quantum mechanics 8 trolls 2 sasquatches 6 wood golems 3 erinyes 2 mariliths 5 sharks 14 electric eels 11 gelatinous cubes 6 pyrolisks 3 large dogs 2 freezing spheres 6 flaming spheres 4 shocking spheres 4 large cats 7 tigers 8 gargoyles 2 dwarf rulers 8 tengu 6 ochre jellies 4 leocrottas 3 energy vortices 3 mountain centaurs 9 elf mummies 2 human mummies 10 red nagas 3 green slimes 5 pythons 5 pit vipers 5 cobras 56 wraiths 2 carnivorous apes 19 ettin zombies 6 leather golems 5 Grey-elves 86 soldiers 3 watchmen 10 amorous demons 7 horned devils 26 chameleons 4 crocodiles 22 giant beetles 8 quivering blobs 45 cockatrices 6 wolves 7 winter wolf cubs 3 lynxes a panther 6 gremlins a spotted jelly 77 leprechauns 2 orc-captains 3 iron piercers 3 mumakil 7 giant spiders 4 scorpions 4 horses an ice vortex a baby long worm 8 black lights 9 vampire bats 2 forest centaurs 7 gnome rulers 3 orc mummies 2 ogres 7 brown puddings 8 rust monsters 11 owlbears 7 yetis 3 gold golems 3 werewolves 16 Green-elves 6 piranha 22 giant eels 20 lizards 2 chickatrices a dingo 4 dogs a housecat 2 jaguars 5 dwarf leaders 5 blue jellies 4 white unicorns a gray unicorn 10 dust vortices 5 ravens 4 plains centaurs a gnome mummy 5 snakes 15 apes 15 human zombies 3 rope golems 6 Woodland-elves 22 soldier ants 17 fire ants 15 bugbears 4 quasits 12 wood nymphs 19 water nymphs 7 mountain nymphs 7 Mordor orcs 2 Uruk-hai 3 orc shamans 7 rock piercers 2 rock moles 3 ponies 13 fog clouds 16 yellow lights 6 shriekers 5 violet fungi 28 gnome leaders 10 gnomish wizards 6 kobold mummies 2 guardian naga hatchlings 10 gray oozes 5 barrow wights 12 elf zombies 15 ghouls 5 straw golems 2 paper golems 6 jellyfish 33 giant ants a little dog 17 floating eyes 4 kittens 29 dwarves 4 homunculi 2 kobold leaders 5 kobold shamans 23 hill orcs 10 rothes 4 rabid rats 2 centipedes 2 giant bats 3 monkeys 20 orc zombies 16 dwarf zombies 3 wererats 4 werejackals 19 iguanas 52 killer bees 2 acid blobs 3 coyotes 6 gas spores 9 hobbits 22 manes 2 large kobolds 10 hobgoblins 10 giant rats 11 cave spiders 6 yellow molds a green mold 3 red molds 80 gnomes 3 garter snakes 17 gnome zombies 11 geckos 22 jackals 2 foxes 3 kobolds 8 goblins 14 sewer rats 17 grid bugs 2 bats 18 lichens 9 kobold zombies 21 newts 2234 creatures vanquished. Genocided or extinct species: krakens master mind flayers erinyes (extinct) sharks electric eels piranha giant eels jellyfish 7 species genocided. 1 species extinct. Voluntary challenges: You read items or engraved 208 times. You engraved Elbereth 76 times. You genocided 7 types of monsters. You never changed form. You used 4 wishes. You did not wish for any artifacts. You did not violate any of the special Sokoban rules. Achievements: You entered a shop. You entered the Gnomish Mines. You attained the rank of Cutpurse. You entered Minetown. You entered a temple. You attained the rank of Rogue. You entered Sokoban. You completed Sokoban. You attained the rank of Pilferer. You completed the Gnomish Mines. You defeated Medusa. You learned the tune to open and close the Castle's drawbridge. You entered Gehennom. You attained the rank of Robber. You had the Bell of Opening. You attained the rank of Burglar. You had the Candelabrum of Invocation. You handled the Book of the Dead. You gained access to Moloch's Sanctum. You reached the Elemental Planes. You reached the Astral Plane. You delivered the Amulet of Yendor. You ascended! The Elemental Planes: Astral Plane: <- You are here. A temple to Kos. Plane of Water: Plane of Fire: Plane of Air: Plane of Earth: The Dungeons of Doom: levels 1 to 27 Level 1: A fountain. One way stairs up to The Elemental Planes. Level 2: "vault" A potion shop, an altar to Kos, a sink. Level 3: "vault" Stairs down to The Gnomish Mines. Level 4: Level 5: "vault" Some altars, a fountain, a grave. Level 6: Many fountains. Oracle of Delphi. Level 7: A potion shop. Stairs up to Sokoban, level 6. Level 8: A scroll shop, some fountains. Level 9: Level 10: A sink. Level 11: A general store. Level 12: "vault_L" Portal to The Quest. Level 13: Level 14: An altar to Kos. Level 15: Level 16: A fountain. Level 17: An altar to Kos, a grave. Level 18: A primitive area. Level 19: Some fountains. Level 20: A fountain, a grave. Level 21: A fountain, a grave. Level 22: An armor shop, a fountain. Level 23: Level 24: A fountain. Level 25: A fountain. Level 26: Level 27: A fountain. The castle (play notes "GGBAE" to open or close drawbridge). Connection to Gehennom. Gehennom: levels 28 to 51 Level 28: A temple, many graves. Valley of the Dead. Level 29: Level 30: Level 31: Level 32: Level 33: Level 34: Level 35: Level 36: Level 37: Level 38: Level 39: Stairs up to Vlad's Tower, level 38. Level 40: Level 41: Level 42: Some shops, an altar, some graves. Level 43: Level 44: Level 45: Level 46: Level 47: Level 48: Level 49: Level 50: "square SW ring" Level 51: A temple, many graves. Moloch's Sanctum. The Gnomish Mines: levels 4 to 12 Level 4: Level 5: Level 6: Many shops, a temple, some fountains, some trees. Level 7: Level 8: Level 9: Level 10: Level 11: Level 12: The Quest: levels 1 to 5 Level 1: Completed quest for the Master of Thieves. Level 2: Level 3: Level 4: Level 5: Sokoban: levels 6 up to 3 Level 3: Solved. Level 4: Solved. Level 5: Solved. Level 6: Solved. Vlad's Tower: levels 38 up to 36 Level 36: A throne. Level 37: Level 38: Goodbye horga the Demigoddess... You went to your reward with 2195034 points, The Master Key of Thievery (worth 3500 zorkmids and 8750 points) Stormbringer (worth 8000 zorkmids and 20000 points) The Bell of Opening (worth 5000 zorkmids and 12500 points) The Candelabrum of Invocation (worth 5000 zorkmids and 12500 points) 33 worthless pieces of colored glass, 9 jade stones (worth 2700 zorkmids), 7 amethyst stones (worth 4200 zorkmids), 6 diamonds (worth 24000 zorkmids), 4 dilithium crystals (worth 18000 zorkmids), 4 rubies (worth 14000 zorkmids), 4 jet stones (worth 3400 zorkmids), 4 fluorite stones (worth 1600 zorkmids), 3 emeralds (worth 7500 zorkmids), 3 amber stones (worth 3000 zorkmids), 2 turquoise stones (worth 4000 zorkmids), 2 obsidian stones (worth 400 zorkmids), 1 jacinth stone (worth 3250 zorkmids), 1 sapphire (worth 3000 zorkmids), 1 citrine stone (worth 1500 zorkmids), 1 topaz stone (worth 900 zorkmids), 1 chrysoberyl stone (worth 700 zorkmids), 1 agate stone (worth 200 zorkmids), 3 amulets of life saving (worth 450 zorkmids), 2 amulets of reflection (worth 300 zorkmids), 1 amulet of guarding (worth 150 zorkmids), 1 amulet of flying (worth 150 zorkmids), and 0 pieces of gold, after 54573 moves. You were level 18 with a maximum of 248 hit points when you ascended.